 Dungeon Crawl Stone Soup version 0.21-a0-125-gb006224 (webtiles) character file.

32048 namelastname112 the Fighter (level 13, -1/116 HPs)
             Began as a Pale Draconian Wanderer on July 15, 2017.
             Was a High Priest of Dithmenos.
             Slain by a merfolk
             ... wielding a +0 trident
              (17 damage)
             ... on level 3 of the Lair of Beasts.
             The game lasted 00:30:06 (17590 turns).

namelastname112 the Fighter (DrWn)                 Turns: 17590, Time: 00:30:07

Health: -1/116     AC: 10    Str: 21    XL:     13   Next: 29%
Magic:  21/21      EV: 18    Int: 10    God:    Dithmenos [*****.]
Gold:   1082       SH:  0    Dex: 20    Spells: 20/23 levels left

rFire    + . .     SeeInvis .   y - +6 rapier (elec)
rCold    . . .     Gourm    +   (no shield)
rNeg     . . .     Faith    .   (armour unavailable)
rPois    .         Spirit   .   (helmet restricted)
rElec    .         Reflect  .   (no cloak)
rCorr    .         Harm     .   w - +0 pair of gloves
MR       .....                  T - +0 pair of boots
Stlth    ++++++++..             L - amulet of Ligyucha {Gourm Dex+4}
HPRegen  0.29/turn              r - +2 ring of strength
MPRegen  0.17/turn              u - ring of protection from fire

@: short of breath, wreathed by umbra
A: breathe steam, unfitting armour, antennae 1, agile 1, cold-blooded, AC +8
a: Breathe Steam, Shadow Step, Shadow Form, Renounce Religion


You were on level 3 of the Lair of Beasts.
You worshipped Dithmenos.
Dithmenos was extremely pleased with you.
You were completely stuffed.

You visited 3 branches of the dungeon, and saw 18 of its levels.
You also visited: Labyrinth.

You collected 1082 gold pieces.

Inventory:

Hand Weapons
 v - a +0 blowgun
 y - a +6 rapier of electrocution (weapon)
Missiles
 A - a throwing net (quivered)
 G - 5 needles of paralysis
 O - 5 javelins
 V - 28 poisoned needles
Armour
 w - a +0 pair of gloves (worn)
 T - a +0 pair of boots (worn)
Jewellery
 e - an uncursed ring of ice
 r - a +2 ring of strength (left hand)
 u - a ring of protection from fire (right hand)
 F - an uncursed ring of flight
 L - the amulet of Ligyucha (around neck) {Gourm Dex+4}
   (You found it on level 10 of the Dungeon)

   [amulet of the gourmand]

   It allows you to eat raw meat even when not hungry.
   It affects your dexterity (+4).
Wands
 a - a wand of iceblast (11/15)
 z - a wand of iceblast (4/15)
 C - a wand of digging (13/24)
 K - a wand of polymorph (5/24)
 Q - a wand of scattershot (8/9)
Scrolls
 b - a scroll of recharging
 g - 2 scrolls of fog
 i - 6 scrolls of teleportation
 j - 7 scrolls of enchant weapon
 k - 8 scrolls of identify
 o - a scroll of enchant armour
 q - 4 scrolls of remove curse
 s - a scroll of fear
 D - a scroll of summoning
 I - 3 scrolls of blinking
 Z - 2 scrolls of amnesia
Potions
 c - 4 potions of curing
 h - 3 potions of might
 l - 2 potions of heal wounds
 p - 5 potions of flight
 t - 3 potions of agility
 x - 2 potions of ambrosia
 B - 2 potions of resistance
 H - 2 potions of haste
 W - a potion of invisibility
 X - 2 potions of brilliance
 Y - a potion of cancellation
Miscellaneous
 U - a fan of gales
Comestibles
 d - 8 meat rations
 f - 10 bread rations
 m - 13 royal jellies
 n - 17 fruits


   Skills:
 + Level 11.2 Fighting
 + Level 10.6 Short Blades
   Level 6.2(6.3) Axes
   Level 1.0(4.0) Maces & Flails
 - Level 4.5 Throwing
 + Level 7.9 Dodging
 - Level 11.1 Stealth
 * Level 5.6 Spellcasting
 * Level 5.7 Hexes


You had 20 spell levels left.
You knew the following spells:

 Your Spells              Type           Power        Failure   Level  Hunger
e - Apportation           Tloc           #.....       22%         1    None
x - Ensorcelled Hibernat  Hex/Ice        #.....       10%         2    ##.....


Dungeon Overview and Level Annotations

Branches:
Dungeon (14/15)            Temple (1/1) D:5            Lair (3/6) D:11
 Shoals (0/4) Lair:3          Orc (0/2) D:12
  Snake: Lair:2-4    Spider: Lair:2-4    Vaults: D:13-14

Altars:
Ashenzari
Cheibriados
Dithmenos
Elyvilon
Fedhas
Gozag
Hepliaklqana
Kikubaaqudgha
Makhleb
Nemelex Xobeh
Okawaru
Qazlal
Ru
Sif Muna
Trog
Uskayaw
Vehumet
Wu Jian
Xom
Yredelemnul
Zin
The Shining One
Beogh

Shops:
D:7 *

Annotations:
D:7 exclusion: door


Innate Abilities, Weirdness & Mutations

You can breathe blasts of scalding, opaque steam.
Your pale cyan-grey scales are hard. (AC +8)
You cannot fit into any form of body armour.
You are cold-blooded and may be slowed by cold attacks.
You have a pair of small antennae on your head.
You are agile. (Dex +2)


Message History

You hear a splash.
You hit the merfolk. You tail-slap the merfolk.
You kill the merfolk!
Dithmenos accepts your kill.
You hear a splash.
The merfolk closely misses you.
You have got your breath back.
The merfolk hits you from afar with a trident.
You take 3 damage, and have 36/116 hp.
Press: ? - help, Shift-Dir - straight line, f - merfolk
Aim: a merfolk, wielding a trident (severely wounded, umbra)
You exhale a blast of scalding steam.
The ball of steam misses the merfolk.
You feel slightly less full.
The merfolk is engulfed in a cloud of scalding steam.
The merfolk hits you from afar with a trident!!
* * * LOW HITPOINT WARNING * * *
You take 22 damage, and have 16/116 hp.
The merfolk is engulfed in a cloud of scalding steam.
The merfolk hits you with a trident!
You die...

#≈#.# #)>.# ..
##≈#.##. #≈).##.#
##≈..#.. #
#.≈.##.###
#.##)..#...P##
#....###.....####
#.......§m@...P.#
#................#
#.................#
##...............##
#........<.......#
#...............##
##...............#
#..............##
..............##


You could see a merfolk.

Vanquished Creatures
  The ghost of durraq the Cleaver, a journeyman MiFi of Cheibriados (D:13)
  A minotaur (Lab)
  Harold (D:10)
  The ghost of Noname the Carver, a journeyman DsBe of Trog (D:13)
  A hydra (D:13)
  A two-headed ogre (D:12)
  Urug (D:12)
  An unseen horror (D:12)
  4 oklob plants (Lair:1)
  2 cyclopes
  An ugly thing (D:13)
  2 merfolk sirens (Lair:3)
  2 black mambas
  2 centaur zombies
  4 gargoyles (Lab)
  3 spiny frogs
  A komodo dragon (Lair:1)
  An efreet (D:11)
  A merfolk (Lair:3)
  2 trolls
  A polar bear (Lair:2)
  5 blink frogs (Lair:2)
  2 hornets
  8 hippogriffs
  5 slime creatures (D:13)
  2 redbacks (Lab)
  18 yaks
  2 vampires
  2 wyverns
  2 basilisks (Lair:1)
  2 hungry ghosts
  Eustachio (D:5)
  7 vampire mosquitoes
  Menkaure (D:7)
  3 soldier ants (D:10)
  3 water moccasins
  5 porcupines (Lair:2)
  9 orc warriors
  3 sky beasts
  2 phantoms
  4 ice beasts
  2 eyes of draining
  A necrophage (D:10)
  3 ogres
  10 wolves (Lair:2)
  4 crocodiles
  8 centaurs
  2 big kobolds
  12 bullfrogs
  A wyvern skeleton (D:13)
  5 scorpions
  9 killer bees
  7 howler monkeys
  9 wights
  8 electric eels
  4 crimson imps
  A bullfrog zombie (D:5)
  3 bullfrog skeletons
  13 orc priests
  4 jellies
  3 hounds
  9 orc wizards
  4 centaur skeletons
  Ijyb (D:4)
  4 iguanas
  7 worker ants
  3 hound zombies
  A hound skeleton (D:9)
  2 worker ant zombies
  17 adders
  A shadow imp (D:5)
  2 adder skeletons
  2 worms (D:3)
  3 dart slugs
  9 leopard geckos
  62 orcs
  10 bats
  A giant cockroach (D:1)
  5 goblins
  9 hobgoblins
  8 jackals
  7 quokkas
  4 ball pythons
  A jackal skeleton (D:7)
  17 kobolds
  A leopard gecko skeleton (D:6)
  6 rats
425 creatures vanquished.

Vanquished Creatures (others)
  An ogre (D:4)
  An orc wizard (D:4)
  2 orcs (D:4)
  3 plants
7 creatures vanquished.

Grand Total: 432 creatures vanquished

Notes
Turn   | Place    | Note
-------+----------+-------------------------------------------
     0 | D:1      | namelastname112 the Draconian Wanderer began the quest for the Orb.
     0 | D:1      | namelastname112 set off with: a +2 hand axe, a potion of lignification, a potion of curing, a +0 dagger, a bread ration
     0 | D:1      | Reached XP level 1. HP: 23/23 MP: 1/1
     0 | D:1      | epen: а
    32 | D:1      | epen: класс
   139 | D:1      | Reached XP level 2. HP: 26/29 MP: 2/2
   773 | D:2      | Reached skill level 1 in Dodging
   773 | D:2      | Reached XP level 3. HP: 29/37 MP: 3/3
  1248 | D:3      | Reached XP level 4. HP: 38/44 MP: 4/4
  2008 | D:4      | Noticed Ijyb
  2020 | D:4      | Reached XP level 5. HP: 34/50 MP: 5/5
  2048 | D:4      | Killed Ijyb
  2322 | D:4      | Found an ornate altar of the Wu Jian Council.
  2511 | D:4      | Killed an ogre
  2699 | D:4      | Found a stormy altar of Qazlal.
  2871 | D:5      | Entered Level 5 of the Dungeon
  2871 | D:5      | Noticed a phantom
  3067 | D:5      | Found a staircase to the Ecumenical Temple.
  3081 | D:5      | Killed a phantom
  3081 | D:5      | Reached XP level 6. HP: 33/58 MP: 6/6
  3401 | D:5      | Noticed Eustachio
  3467 | D:5      | Found a blossoming altar of Fedhas.
  3512 | D:5      | Found a transporter.
  3589 | D:5      | namelastname112: кажется
  3589 | D:5      | namelastname112: я совершил ошибку
  3792 | D:5      | Reached skill level 5 in Axes
  3792 | D:5      | Your scales start taking on a pale cyan-grey colour.
  3792 | D:5      | Reached XP level 7. HP: 41/64 MP: 7/7
  3976 | D:5      | Found a transporter.
  4502 | D:5      | Killed Eustachio
  4502 | D:5      | Reached XP level 8. HP: 31/73 MP: 8/8
  4706 | Temple   | Entered the Ecumenical Temple
  4977 | Temple   | Became a worshipper of Dithmenos the Shadowed
  5028 | D:6      | Found a deep blue altar of Sif Muna.
  5188 | D:6      | Reached skill level 1 in Short Blades
  5221 | D:6      | Reached skill level 5 in Stealth
  5627 | D:7      | Found Sach's General Store.
  5669 | D:7      | Noticed a hippogriff
  5680 | D:7      | Killed a hippogriff
  5680 | D:7      | Reached XP level 9. HP: 27/81 MP: 9/9
  5976 | D:7      | Noticed Menkaure
  5988 | D:7      | Killed Menkaure
  6162 | D:7      | Reached * piety under Dithmenos
  6519 | D:8      | Reached skill level 5 in Short Blades
  6744 | D:8      | Reached skill level 5 in Dodging
  7118 | D:9      | Reached ** piety under Dithmenos
  7118 | D:9      | Reached XP level 10. HP: 81/90 MP: 10/10
  7844 | D:9      | Found a sparkling altar of Nemelex Xobeh.
  8164 | D:10     | Entered Level 10 of the Dungeon
  8306 | D:10     | Reached skill level 1 in Throwing
  8329 | D:10     | Noticed Harold
  8342 | D:10     | Killed Harold
  8375 | D:10     | Got a coiled graven amulet
  8389 | D:10     | Identified the amulet of Ligyucha {Gourm Dex+4} (You found it on level 10 of the Dungeon)
  8676 | D:10     | Reached *** piety under Dithmenos
  8679 | D:10     | Paralysed by a hornet for 3 turns
  9610 | D:10     | Reached XP level 11. HP: 97/97 MP: 11/11
  9688 | D:11     | Found a staircase to the Lair.
  9768 | D:11     | Found a labyrinth entrance.
  9775 | Lab      | Entered a labyrinth
 10005 | Lab      | Got a translucent quarterstaff
 10167 | Lab      | Noticed a minotaur
 10190 | Lab      | Killed a minotaur
 10193 | Lab      | Got a jewelled shield
 10209 | Lab      | Identified the Disquisition on the Helpful Snowflakes
 10230 | Lab      | Identified the +4 shield of Jieceruh {*Corrode rElec rN+ Stlth+} (You took it off a minotaur in a labyrinth)
 10255 | D:11     | Reached skill level 10 in Stealth
 10593 | D:11     | Reached **** piety under Dithmenos
 10978 | D:11     | Reached skill level 10 in Fighting
 11196 | D:12     | ReniFell: russkis
 11199 | D:12     | ReniFell: yo
 11202 | D:12     | namelastname112: че как
 11331 | D:12     | Found a roughly hewn altar of Beogh.
 11331 | D:12     | Found a staircase to the Orcish Mines.
 11368 | D:12     | ReniFell: normalna
 11384 | D:12     | ReniFell: vpolne...
 11384 | D:12     | Reached ***** piety under Dithmenos
 11620 | D:12     | Noticed Urug
 11720 | D:12     | Killed Urug
 11850 | D:12     | Noticed a two-headed ogre
 11977 | D:12     | Killed a two-headed ogre
 12080 | D:12     | Reached XP level 12. HP: 102/106 MP: 12/12
 13360 | D:13     | Learned a level 2 spell: Ensorcelled Hibernation
 13392 | D:13     | Noticed Noname's ghost (journeyman DsBe)
 13411 | D:13     | Killed Noname's ghost
 13411 | D:13     | Reached skill level 10 in Short Blades
 13411 | D:13     | Reached skill level 1 in Spellcasting
 13411 | D:13     | Reached skill level 1 in Hexes
 13758 | D:13     | Learned a level 1 spell: Apportation
 13768 | D:13     | Noticed durraq's ghost (journeyman MiFi)
 13793 | D:13     | Killed durraq's ghost
 14809 | D:13     | Noticed a six-headed hydra
 14812 | D:13     | Killed a six-headed hydra
 14914 | D:14     | Gained mutation: You are clumsy. (Dex -2) [mutagenic meat]
 14915 | D:14     | Gained mutation: Your magical capacity is low. (-10% MP) [mutagenic meat]
 14916 | D:14     | Gained mutation: You can translocate small distances at will. [mutagenic meat]
 14917 | D:14     | Lost mutation: You are clumsy. (Dex -2) [mutagenic meat]
 14923 | D:13     | Lost mutation: Your magical capacity is low. (-10% MP) [potion of mutation]
 14923 | D:13     | Lost mutation: You can translocate small distances at will. [potion of mutation]
 14923 | D:13     | Gained mutation: You are weak. (Str -2) [potion of mutation]
 14923 | D:13     | Gained mutation: You are resistant to hostile enchantments. (MR+) [potion of mutation]
 14923 | D:13     | Lost mutation: You are weak. (Str -2) [potion of mutation]
 14923 | D:13     | Gained mutation: You have large cloven feet. [potion of mutation]
 14924 | D:13     | Lost mutation: You are resistant to hostile enchantments. (MR+) [potion of mutation]
 14924 | D:13     | Lost mutation: You have large cloven feet. [potion of mutation]
 14924 | D:13     | Gained mutation: You are agile. (Dex +2) [potion of mutation]
 14924 | D:13     | Gained mutation: You have a pair of small antennae on your head. [potion of mutation]
 14993 | Lair:1   | Entered Level 1 of the Lair of Beasts
 15071 | Lair:1   | Got a pitted great sword
 15073 | Lair:1   | Identified the +6 great sword of Offence {venom, +Rage rF+} (You found it on level 1 of the Lair of Beasts)
 16252 | Lair:2   | Reached XP level 13. HP: 116/116 MP: 19/19
 16666 | Lair:2   | Reached skill level 5 in Hexes
 16711 | Lair:2   | Reached skill level 5 in Spellcasting
 17561 | Lair:3   | Found a staircase to the Shoals.
 17590 | Lair:3   | Slain by a merfolk

Vault maps used:
D:1:      roderic_crossed_star
D:3:      first_bread
D:4:      nicolae_qazlal_eye_of_the_storm, kennysheep_mini_moat, uniq_ijyb
D:5:      gammafunk_steamed_eel, minmay_temple_entry_butterflies,
          fedhas_altar_3, uniq_eustachio
D:6:      nicolae_overflow_crystal_walls, abandoned_shop
D:7:      cheibrodos_two_vegetables, serial_shops, shop_statue, uniq_menkaure
D:9:      lemuel_doored_altar
D:10:     hangedman_pestilent_swarm, uniq_harold
D:11:     lair_entry_dummy, lab_entry_generic
D:12:     david_orc_5, roderic_lattice_a, uniq_urug
D:13:     minmay_statues_item, eino_small_chamber_without_monster,
          minmay_misc_feat_enclosed
D:14:     david_vaults_4, minmay_misc_feat_room, minmay_pinched_square,
          uniq_snorg
Temple:   hc_temple_tempest_star
Lair:1:   wad_woods_road_03, disabler_island, grunt_megastairs_2,
          infiniplex_staircase_pool, minmay_lair_oklob_chamber
Lair:2:   beast_lair_carwin_7, grunt_megastairs_1
Lair:3:   elwin_shoals_entry_stream, minmay_snake_entry_spellcaster,
          lightli_volcano_entry_magma_tube
Lab:      labyrinth_watery, nicolae_lab_grate_2, nicolae_lab_grate,
          labyrinth_skeletal_remains, nicolae_lab_dead_end, nicolae_lab_do_over

Skill      XL: |  1  2  3  4  5  6  7  8  9 10 11 12 13 |
---------------+----------------------------------------+-----
Dodging        | 1 2 3 4 5 6 7 |  7.9
Stealth        | 2 3 4 6 7 9 10 11 | 11.1
Fighting       | 6 7 8 9 10 11 | 11.2
Axes           | 3 4 5 6 |  6.2
Short Blades   | 3 6 7 9 10 | 10.6
Throwing       | 2 4 |  4.5
Spellcasting   | 4 5 |  5.6
Hexes          | 4 5 |  5.7
Maces & Flails | |  1.0

Action                   |  1- 3 |  4- 6 |  7- 9 | 10-12 | 13-15 || total
-------------------------+-------+-------+-------+-------+-------++-------
Melee: Hand axe          |    83 |   184 |    25 |       |       ||   292
       Tailslap          |     6 |    27 |    26 |    98 |    13 ||   170
       Rapier            |       |       |   168 |   554 |   115 ||   837
Throw: Throwing net      |       |       |       |     1 |       ||     1
Invok: Shadow Step       |       |       |       |     1 |       ||     1
 Abil: Breathe Steam     |       |       |    17 |    25 |     8 ||    50
Evoke: Wand              |       |     3 |     2 |       |       ||     5
  Use: Potion            |       |     1 |       |     2 |       ||     3
       Scroll            |       |       |    18 |    14 |       ||    32
 Stab: Sleeping          |     6 |     4 |     7 |    37 |     5 ||    59
       Distracted        |       |       |     1 |    10 |     2 ||    13
       Held in net/web   |       |       |       |     2 |       ||     2
  Eat: Chunk             |     1 |     7 |    12 |    49 |     5 ||    74
       Royal jelly       |       |       |     1 |     1 |       ||     2
Armor: Skin              |    33 |    58 |    46 |    92 |    19 ||   248
Dodge: Dodged            |    50 |    99 |   139 |   341 |   145 ||   774
